Map: Stranded Isles

Players

Throwfordays - Winner!

  • Race: Protoss Protoss
  • League: Silver
  • Spawn Location: 6:00

Faust - Winner!

  • Race: Zerg Zerg
  • League: Diamond
  • Spawn Location: 6:00

Cthulhu - Winner!

  • Race: Zerg Zerg
  • Spawn Location: 3:00

kenichi

  • Race: Zerg Zerg
  • Spawn Location: 12:00

kanji

  • Race: Terran Terran
  • League: Platinum
  • Spawn Location: 12:00

zokiN

  • Race: Protoss Protoss
  • Spawn Location: 9:00

VOD

Have the link to the VOD?

Description

Time

  • Played on: March 25, 2019, 3:23 p.m.
  • Length: 13:06
Show
View Real Time Build Order
Export as new Build Order

Throwfordays Protoss - Winner!

Build Orders: Nexus First 

Get SALT Encoding   

  12  0:00  Probe  
  13  0:13  Probe  
  14  0:25  Probe  
  15  0:46  Nexus  
  15  1:00  Pylon  
  15  1:18  Probe  
  16  1:19  Gateway  
  16  1:24  Gateway  
  16  1:30  Probe  
  17  1:35  Forge  
  17  1:41  Assimilator  
  17  1:44  Probe  
  18  1:56  Probe  
  18  1:58  Probe  
  20  2:07  Probe  
  20  2:08  Probe  
  20  2:15  Probe  
  23  2:23  Cybernetics Core  
  23  2:24  Probe  
  24  2:36  Probe  
  25  2:38  Photon Cannon  
  25  2:45  Photon Cannon  
  25  2:48  Probe  
  25  2:50  Photon Cannon  
  26  3:00  Probe  
  27  3:10  Pylon  
  27  3:13  Probe  
  27  3:15  Assimilator  
  27  3:19  Pylon  
  28  3:22  Probe  
  28  3:25  Probe  
  30  3:29  Pylon  
  30  3:34  Probe  
  30  3:37  Probe  
  30  3:38  Photon Cannon  
  32  3:43  Photon Cannon  
  32  3:46  Probe  
  33  3:49  Probe  
  33  3:50  Photon Cannon  
  34  3:56  Photon Cannon  
  34  4:01  Probe  
  35  4:05  Assimilator  
  35  4:10  Assimilator  
  35  4:11  Probe  
  35  4:12  Probe  
  37  4:19  Probe  
  38  4:24  Probe  
  38  4:27  Probe  
  39  4:34  Nexus  
  39  4:36  Probe  
  39  4:38  Assimilator  
  41  4:39  Probe  
  41  4:42  Assimilator  
  42  4:59  Warp Gate  
  42  5:12  Pylon  
  42  5:15  Photon Cannon  
  42  5:18  Photon Cannon  
  42  5:20  Stargate  
  42  5:22  Stargate  
  42  5:25  Stargate  
  42  5:29  Stargate  
  42  5:33  Stargate  
  42  5:46  Cybernetics Core  
  42  5:47  Protoss Shields Level 1  
  42  5:51  Probe  
  42  5:54  Probe  
  44  5:59  Probe  
  44  6:03  Probe  
  46  6:07  Probe  
  47  6:11  Probe  
  47  6:13  Photon Cannon  
  47  6:15  Photon Cannon, Probe  
  49  6:19  Probe  
  49  6:23  Probe  
  49  6:24  Void Ray  
  55  6:32  Probe  
  56  6:35  Probe  
  56  6:37  Protoss Air Armor Level 1, Stargate  
  57  6:44  Probe  
  57  6:45  Void Ray  
  62  6:47  Probe  
  62  6:48  Probe  
  62  6:54  Protoss Air Weapons Level 1  
  64  6:56  Probe  
  64  6:59  Probe  
  64  7:00  Probe  
  67  7:02  Pylon  
  67  7:03  Pylon  
  67  7:06  Pylon  
  67  7:08  Pylon  
  67  7:10  Pylon  
  67  7:11  Probe  
  67  7:13  Pylon  
  68  7:23  Probe  
  69  7:35  Probe  
  69  7:36  Nexus  
  70  7:38  Assimilator  
  70  7:42  Assimilator  
  70  7:45  Pylon  
  70  7:47  Probe  
  70  7:48  Pylon  
  70  7:49  Void Ray x2  
  70  7:50  Void Ray  
  83  7:56  Void Ray  
  87  7:59  Probe  
  88  8:10  Probe  
  88  8:11  Probe  
  90  8:15  Probe  
  91  8:22  Void Ray x2  
  91  8:23  Probe  
  91  8:24  Probe  
  101  8:31  Fleet Beacon  
  101  8:34  Twilight Council  
  101  8:35  Probe  
  102  8:43  Void Ray  
  102  8:44  Void Ray  
  102  8:45  Void Ray  
  114  8:56  Void Ray  
  119  9:02  Probe  
  119  9:05  Probe  
  120  9:13  Photon Cannon  
  120  9:15  Probe  
  120  9:16  Photon Cannon  
  121  9:21  Photon Cannon  
  121  9:23  Photon Cannon  
  121  9:27  Probe  
  122  9:34  Probe  
  123  9:39  Probe  
  123  9:40  Void Ray x3  
  123  9:43  Protoss Shields Level 2  
  136  9:46  Void Ray, Probe  
  136  9:50  Protoss Air Weapons Level 2  
  136  9:51  Probe  
  142  9:53  Void Ray  
  142  9:56  Protoss Air Armor Level 2  
  142  9:58  Void Ray, Probe  
  151  10:03  Probe  
  152  10:10  Probe  
  153  10:15  Probe  
  154  10:23  Void Ray x2, Probe  
  163  10:30  Pylon  
  163  10:31  Pylon  
  163  10:33  Pylon  
  163  10:35  Pylon  
  163  10:37  Pylon  
  163  10:39  Pylon  
  163  10:47  Void Ray x2  
  171  10:55  Void Ray x2  
Show
View Real Time Build Order
Export as new Build Order

Faust Zerg - Winner!

Build Orders: Hatch First, Muta Ling Bane 

Get SALT Encoding   

  12  0:00  Drone  
  13  0:08  Drone  
  14  0:15  Extractor, Drone  
  15  0:23  Overlord  
  15  0:44  Drone x2  
  17  0:54  Hatchery  
  16  1:01  Extractor, Drone  
  16  1:02  Drone  
  17  1:18  Spawning Pool  
  16  1:20  Drone  
  18  1:25  Drone  
  18  1:30  Drone  
  19  1:51  Drone x2  
  21  1:59  Overlord  
  21  2:05  Metabolic Boost  
  21  2:06  Queen  
  23  2:11  Queen  
  25  2:19  Drone x2  
  25  2:21  Drone  
  28  2:23  Drone  
  29  2:35  Spore Crawler  
  28  2:37  Drone x2  
  28  2:42  Baneling Nest  
  28  2:43  Drone  
  30  2:50  Drone x2  
  32  3:02  Drone x2  
  34  3:11  Hatchery  
  33  3:15  Drone  
  33  3:16  Drone x2  
  33  3:19  Overlord  
  36  3:23  Overlord  
  36  3:30  Lair  
  36  3:41  Drone x5  
  37  3:42  Drone  
  37  3:45  Extractor  
  37  3:47  Extractor  
  40  3:59  Drone x3  
  40  4:00  Drone x3  
  46  4:03  Spore Crawler  
  45  4:15  Overlord  
  45  4:16  Drone  
  47  4:17  Drone x2  
  47  4:21  Extractor  
  47  4:25  Drone x3  
  47  4:28  Queen  
  47  4:29  Drone  
  47  4:30  Drone x4  
  57  4:39  Drone x3  
  57  4:44  Overlord  
  60  4:48  Spire  
  59  4:59  Overlord x2  
  59  5:04  Extractor x2  
  59  5:05  Drone x3  
  59  5:06  Drone x3, Overlord  
  59  5:07  Overlord  
  63  5:12  Drone  
  64  5:18  Drone  
  64  5:19  Drone  
  64  5:20  Overlord  
  66  5:26  Spore Crawler  
  65  5:34  Spore Crawler  
  64  6:01  Mutalisk  
  64  6:02  Mutalisk x11  
  88  6:07  Zerg Flyer Weapons Level 1  
  88  6:09  Drone x4  
  88  6:10  Drone x2  
  94  6:15  Overlord x2  
  94  6:19  Drone  
  95  6:33  Drone x2  
  95  6:36  Evolution Chamber x2  
  95  6:38  Drone x3  
  98  6:40  Spore Crawler  
  98  6:42  Spore Crawler  
  98  6:46  Mutalisk  
  98  6:47  Mutalisk x5  
  98  6:48  Overlord x4  
  108  7:02  Zerg Melee Weapons Level 1  
  108  7:03  Zerg Ground Armor Level 1  
  108  7:14  Zergling x10  
  108  7:15  Zergling x10  
  118  7:24  Drone x3  
  118  7:25  Infestation Pit  
  120  7:56  Mutalisk x3  
  120  7:57  Mutalisk x5  
  136  8:03  Hive  
  137  8:05  Drone  
  127  8:36  Centrifical Hooks  
  127  8:40  Zerg Flyer Weapons Level 2  
  127  8:44  Zergling x2  
  127  8:45  Zergling x22  
  139  8:59  Zerg Melee Weapons Level 2  
  139  9:00  Zerg Ground Armor Level 2  
  139  9:10  Zergling x2  
  139  9:11  Zergling x12  
  139  9:14  Adrenal Glands  
  143  9:23  Drone  
  143  9:24  Drone x2  
  144  9:47  Zergling x4  
  144  9:48  Overlord x4  
  144  9:49  Overlord x3  
  136  10:20  Zergling x2  
  139  10:21  Zergling x28  
  149  10:33  Ultralisk Cavern  
  149  10:35  Burrow  
  148  10:36  Pneumatized Carapace  
  148  10:40  Zergling x22  
  159  11:11  Zergling x18  
  158  11:12  Zergling x8  
  170  11:26  Hatchery  
  170  11:29  Hatchery, Chitinous Plating  
  170  11:32  Hatchery  
  167  11:35  Ultralisk x2  
  167  11:36  Ultralisk x3  
  197  11:44  Zergling x2  
  197  11:45  Zergling x4  
Show
View Real Time Build Order
Export as new Build Order

Cthulhu Zerg - Winner!

Build Orders: Hatch First 

Get SALT Encoding   

  12  0:01  Drone  
  13  0:12  Drone  
  14  0:20  Extractor, Drone  
  14  0:24  Overlord  
  15  0:48  Hatchery  
  14  0:52  Drone  
  15  1:00  Drone  
  16  1:06  Drone  
  16  1:08  Drone  
  18  1:21  Drone  
  19  1:26  Extractor  
  19  1:28  Drone  
  19  1:31  Spawning Pool  
  18  1:38  Drone  
  19  1:44  Extractor  
  18  1:51  Drone  
  19  2:00  Drone  
  20  2:01  Drone  
  21  2:10  Drone  
  21  2:13  Drone  
  23  2:20  Lair  
  23  2:21  Drone  
  23  2:22  Queen  
  26  2:40  Drone x2  
  28  2:48  Hatchery  
  28  2:49  Drone  
  28  2:52  Overlord  
  28  3:12  Queen  
  30  3:17  Drone x6  
  36  3:32  Overlord  
  36  3:39  Evolution Chamber  
  35  3:43  Queen, Evolution Chamber  
  36  4:00  Spine Crawler  
  35  4:03  Queen, Spine Crawler  
  36  4:11  Spine Crawler  
  36  4:15  Hydralisk Den  
  36  4:16  Drone x3  
  36  4:17  Drone x2  
  39  4:19  Drone  
  39  4:23  Drone  
  42  4:24  Drone  
  42  4:40  Spine Crawler  
  42  4:41  Spine Crawler  
  42  4:43  Spine Crawler  
  39  4:50  Spine Crawler  
  38  4:53  Spine Crawler x2  
  38  4:55  Drone  
  38  4:59  Hydralisk  
  39  5:10  Hydralisk  
  39  5:11  Hydralisk  
  43  5:16  Grooved Spines  
  43  5:20  Drone  
  46  5:21  Drone x2  
  42  6:00  Hydralisk  
  42  6:01  Hydralisk  
  42  6:02  Hydralisk  
  42  6:03  Drone x2  
  50  6:04  Overlord x2  
  50  6:18  Overlord x4  
  50  6:22  Extractor  
  50  6:23  Extractor  
  50  6:24  Zerg Missile Weapons Level 1  
  48  6:37  Overseer  
  48  6:39  Drone  
  49  6:40  Drone x6  
  49  6:43  Drone  
  49  6:44  Drone  
  49  6:45  Drone x3  
  49  6:46  Queen  
  49  6:47  Queen  
  64  6:56  Queen  
  63  7:21  Spore Crawler x2, Drone x3  
  63  7:22  Extractor, Drone x6  
  69  7:37  Drone x3  
  70  7:41  Hatchery  
  71  8:14  Overseer  
  71  8:16  Overlord  
  71  8:17  Overlord x2, Hydralisk x3  
  71  8:18  Zerg Ground Armor Level 1, Hydralisk x9  
  95  8:31  Muscular Augments, Zerg Missile Weapons Level 2  
  91  9:04  Drone  
  91  9:05  Drone x11  
  103  9:10  Drone  
  103  9:11  Drone x5  
  107  9:51  Extractor  
  106  9:53  Extractor  
  101  10:09  Hydralisk x5  
  101  10:10  Hydralisk x8  
  101  10:12  Overlord x6  
  127  10:17  Hatchery  
  126  10:34  Drone  
  126  10:35  Drone x7  
  134  10:37  Hydralisk  
  134  10:38  Overlord x3  
  136  10:46  Zerg Ground Armor Level 2, Infestation Pit  
  136  10:48  Metabolic Boost  
  113  11:28  Hive  
  113  11:42  Extractor  
  113  11:44  Extractor  
  111  11:53  Hydralisk x12  
  111  11:54  Hydralisk x5  
  145  12:08  Pneumatized Carapace  
  135  12:46  Zergling x2  
  135  12:47  Zergling x20  
  135  12:48  Zergling x14  
Show
View Real Time Build Order
Export as new Build Order

kenichi Zerg 

Build Orders: Hatch First 

Get SALT Encoding   

  12  0:03  Drone  
  13  0:19  Drone  
  14  0:43  Hatchery, Drone  
  14  0:50  Overlord  
  14  1:02  Extractor  
  14  1:03  Drone  
  14  1:10  Spawning Pool  
  13  1:15  Drone  
  14  1:20  Drone  
  14  1:23  Drone  
  16  1:37  Drone  
  16  1:38  Drone  
  18  1:49  Drone  
  19  1:58  Queen  
  19  2:00  Queen  
  23  2:03  Drone  
  23  2:06  Drone  
  25  2:22  Metabolic Boost  
  25  2:31  Overlord  
  25  2:35  Overlord  
  25  3:01  Overlord  
  25  3:05  Overlord  
  25  3:17  Zergling x16  
  25  3:18  Zergling x4  
  35  3:25  Lair  
  35  3:36  Pneumatized Carapace  
  36  3:48  Drone x3  
  36  3:49  Drone x4  
  36  3:50  Drone  
  41  4:19  Drone x2  
  41  4:20  Drone x2  
  41  4:21  Drone x3  
  48  4:27  Extractor  
  48  4:31  Extractor  
  46  4:35  Extractor, Drone  
  46  4:36  Drone  
  46  4:37  Drone x2  
  49  4:38  Drone  
  49  4:39  Drone  
  51  4:46  Drone  
  51  4:48  Drone x3  
  55  4:56  Spore Crawler  
  54  5:02  Roach Warren  
  54  5:05  Hydralisk Den  
  52  5:11  Spore Crawler  
  52  5:13  Spore Crawler  
  50  5:19  Spore Crawler  
  50  5:20  Drone x4  
  50  5:21  Spore Crawler, Drone x2, Baneling Nest  
  45  6:06  Centrifical Hooks  
  45  6:07  Infestation Pit  
  44  6:13  Overlord x2  
  44  6:14  Overlord x2  
  44  6:18  Grooved Spines  
  44  6:20  Glial Reconstitution  
  44  6:42  Hatchery  
  43  7:06  Drone x2  
  43  7:07  Drone x4, Evolution Chamber  
  48  7:10  Drone, Evolution Chamber  
  48  7:11  Drone  
  49  7:20  Hatchery  
  48  7:28  Hydralisk  
  48  7:29  Hydralisk x11  
  72  7:30  Muscular Augments  
  72  7:39  Tunneling Claws  
  72  7:41  Spine Crawler x2  
  72  7:43  Zerg Missile Weapons Level 1  
  70  7:45  Zerg Ground Armor Level 1  
  70  7:52  Hive  
  70  8:02  Drone x6  
  76  8:29  Drone  
  76  8:30  Drone x5  
  82  8:56  Hydralisk  
  82  8:57  Hydralisk x5  
  94  9:21  Queen  
  96  9:27  Extractor, Adrenal Glands  
  96  9:29  Extractor  
  64  9:42  Hydralisk  
  64  9:43  Hydralisk x11  
  69  10:00  Spore Crawler  
  69  10:07  Hydralisk x4  
  74  10:27  Spore Crawler x2  
  72  10:32  Spore Crawler  
  71  10:44  Spire  
  71  10:45  Zerg Missile Weapons Level 2  
  71  10:46  Zerg Ground Armor Level 2  
  70  10:55  Spore Crawler  
  69  11:12  Drone x3  
  69  11:13  Drone  
  73  11:33  Hatchery  
  72  11:40  Hatchery  
  71  11:47  Spire  
  71  11:50  Ultralisk Cavern  
  37  12:29  Hydralisk  
  37  12:30  Hydralisk x13  
  37  12:36  Hydralisk  
  67  12:37  Hydralisk x10  
  67  12:40  Zergling x2  
  67  12:41  Zergling x10  
Show
View Real Time Build Order
Export as new Build Order

kanji Terran 

Build Orders:  

Get SALT Encoding   

  12  0:01  SCV  
  13  0:15  Refinery  
  13  0:29  SCV  
  14  0:46  SCV  
  15  0:51  Supply Depot  
  15  1:13  SCV  
  16  1:22  Refinery  
  16  1:25  SCV, Barracks  
  17  1:28  Barracks  
  17  1:39  SCV  
  18  1:53  SCV  
  19  2:06  SCV  
  20  2:13  Marine  
  21  2:22  Orbital Command  
  21  2:23  Barracks Tech Lab  
  21  2:24  Factory  
  21  2:34  Marine  
  22  2:38  Supply Depot  
  22  2:44  Marine  
  23  3:00  SCV  
  24  3:07  Command Center  
  24  3:12  Marine, Widow Mine  
  27  3:18  Marine  
  28  3:33  Marine  
  29  3:39  SCV  
  30  3:43  Marine  
  31  3:48  Supply Depot  
  31  3:51  Factory Tech Lab  
  31  3:57  Engineering Bay  
  31  3:58  Starport  
  31  4:09  Marine x2  
  31  4:11  Siege Tank  
  36  4:21  SCV  
  37  4:24  Orbital Command  
  37  4:31  Barracks Reactor  
  37  4:34  SCV  
  38  4:41  Terran Infantry Weapons Level 1  
  38  4:53  Viking  
  38  4:57  SCV  
  38  4:58  SCV  
  42  5:06  Marine  
  43  5:07  Supply Depot  
  43  5:26  SCV x2  
  43  5:27  Marine  
  46  5:30  Siege Tank  
  46  5:31  Marine x2, Liberator  
  50  5:43  SCV  
  50  5:44  Marine, SCV  
  53  5:54  Marauder  
  53  5:56  Factory  
  54  6:10  Siege Tank  
  57  6:14  SCV x2  
  57  6:16  Marine, Refinery  
  57  6:17  Marauder  
  62  6:20  Viking  
  62  6:22  Refinery  
  64  6:26  SCV  
  64  6:27  SCV  
  66  6:35  Marine  
  66  6:38  SCV  
  68  6:41  Fusion Core  
  68  6:42  Starport  
  68  6:45  Marine  
  68  6:46  Terran Infantry Armor Level 1  
  69  6:49  Factory Tech Lab  
  69  6:57  SCV  
  70  7:03  Supply Depot  
  70  7:06  Marine, SCV  
  72  7:09  Marine, Supply Depot x2, SCV  
  72  7:10  Supply Depot  
  72  7:13  Marine  
  72  7:16  Widow Mine x2  
  72  7:22  SCV x2  
  78  7:30  Liberator  
  78  7:34  Weapon Refit  
  81  7:38  Marine x2  
  81  7:40  Widow Mine, Starport Tech Lab  
  85  7:44  Marine  
  84  7:54  SCV  
  84  7:56  Marine  
  86  8:10  Marine  
  86  8:12  Widow Mine x2  
  91  8:14  Battlecruiser  
  96  8:33  Widow Mine  
  98  8:35  Marauder  
  100  8:46  Marine x2  
  102  8:49  Starport Tech Lab  
  102  8:51  Widow Mine  
  102  8:52  SCV x2  
  106  8:57  Marauder  
  108  9:04  Widow Mine  
  110  9:16  Marine x2  
  109  9:24  Battlecruiser  
  109  9:25  SCV  
  109  9:26  Supply Depot  
  109  9:27  Supply Depot  
  109  9:28  Supply Depot  
  109  9:29  Supply Depot  
  109  9:30  Battlecruiser  
  120  9:38  Marine  
  120  9:39  Marauder  
  120  9:40  Widow Mine  
  125  9:48  Widow Mine  
  125  9:50  Supply Depot  
  127  9:53  Marine  
  127  9:55  SCV x2  
  130  10:01  Marauder  
  130  10:02  Missile Turret  
  132  10:13  Marine, SCV x2  
  132  10:14  Marine  
  136  10:15  Widow Mine x2  
  140  10:22  Marauder  
  140  10:28  SCV x2  
  144  10:31  Missile Turret  
  144  10:34  Battlecruiser  
  144  10:35  Command Center  
  150  10:39  Missile Turret x2  
  150  10:42  SCV x2  
  150  10:59  Missile Turret  
  129  11:04  Widow Mine  
  129  11:05  Widow Mine  
  136  11:11  Battlecruiser  
  136  11:12  Marine x2  
  136  11:13  Marauder  
  132  11:24  Refinery  
  132  11:28  Refinery, Widow Mine x2  
  132  11:30  Marine  
  137  11:34  Marauder  
  139  11:45  Barracks  
  139  11:46  Barracks  
  123  12:14  Marine  
  123  12:15  Marine x2  
  102  12:16  Widow Mine  
  102  12:22  Widow Mine  
  82  12:33  Marauder  
Show
View Real Time Build Order
Export as new Build Order

zokiN Protoss 

Build Orders:  

Get SALT Encoding   

  12  0:05  Probe  
  13  0:17  Probe  
  14  0:28  Pylon  
  14  0:32  Probe  
  15  0:46  Probe  
  16  0:59  Probe  
  17  1:04  Gateway  
  17  1:09  Assimilator  
  17  1:11  Probe  
  17  1:14  Assimilator  
  18  1:20  Probe  
  19  1:29  Probe  
  19  1:31  Pylon  
  20  1:41  Probe  
  21  1:53  Probe  
  22  1:55  Cybernetics Core  
  22  2:19  Nexus  
  22  2:40  Stargate  
  22  2:45  Stargate  
  22  2:50  Pylon  
  22  2:53  Zealot  
  22  2:58  Forge  
  24  3:18  Zealot  
  24  3:19  Pylon  
  26  3:45  Void Ray  
  30  3:49  Void Ray  
  34  4:03  Photon Cannon  
  34  4:17  Probe  
  34  4:18  Probe  
  36  4:26  Probe  
  36  4:27  Probe  
  38  4:34  Probe  
  38  4:35  Probe  
  39  4:44  Probe  
  39  4:45  Probe  
  42  4:54  Void Ray  
  46  5:03  Void Ray  
  50  5:07  Probe  
  50  5:08  Probe  
  52  5:16  Probe  
  52  5:17  Probe  
  53  5:24  Probe  
  53  5:26  Probe  
  55  5:34  Probe  
  56  5:38  Probe  
  58  5:44  Fleet Beacon  
  58  5:51  Stargate  
  58  6:01  Stargate  
  58  6:05  Probe x2  
  60  6:14  Assimilator  
  60  6:15  Assimilator  
  60  6:17  Probe  
  60  6:18  Probe  
  62  6:28  Pylon  
  62  6:29  Pylon  
  62  6:31  Pylon  
  62  6:33  Pylon  
  62  6:46  Probe x2  
  64  7:01  Photon Cannon  
  64  7:02  Photon Cannon  
  64  7:04  Photon Cannon  
  64  7:05  Photon Cannon  
  64  7:16  Shield Battery x2  
  64  7:25  Carrier  
  64  7:26  Carrier  
  76  7:33  Carrier  
Tags
 
Add a new tag
Caveats
  • Supply blocks, unpowered buildings, or Contaminate may cause inaccurate times.
  • Supply counts are checked every 10 seconds.